 Dungeon Crawl Stone Soup version 0.30-a0-339-g89bb51ec76 (webtiles) character file.

Game seed: 10587320103812609075

24740 Angani the Fighter (level 12, 0/168 HPs)
             Began as a White Draconian Hedge Wizard on Oct 30, 2022.
             Was an Initiate of Gozag.
             Slain by a yak (6 damage)
             ... on level 2 of the Lair of Beasts on Oct 31, 2022.
             The game lasted 00:57:46 (19316 turns).

Angani the Fighter (White Draconian Hedge Wizard)  Turns: 19316, Time: 00:57:47

Health: 0/168      AC: 26    Str: 12    XL:     12   Next: 83%
Magic:  23/23      EV:  2    Int: 22    God:    Gozag
Gold:   1340       SH:  0    Dex: 11    Spells: 14/26 levels left

rFire   . . .      SeeInvis +    I - +6 trident "Picsea" {holy, Will+ Int+2}
rCold   . . .      Faith    .    (no shield)
rNeg    . . .      Spirit   .    (body armour unavailable)
rPois   +          Reflect  .    (helmet currently unavailable)
rElec   .          Harm     .    (cloak currently unavailable)
rCorr   .          Rampage  .    (gloves currently unavailable)
Will    +....      NoTele   +    (boots currently unavailable)
Stlth   +.........               j - amulet of magic regeneration
HPRegen 0.48/turn                r - ring of poison resistance
MPRegen 0.58/turn                K - ring of see invisible

@: confused, tree-form, ambrosia-drunk
A: stationary, stasis, torment immunity, boosted hp, (breathe frost), AC +8,
unfitting armour, (cold resistance 1), (cold-blooded)
a: Renounce Religion, Potion Petition, Call Merchant, Bribe Branch


You were on level 2 of the Lair of Beasts.
You worshipped Gozag.
Gozag was most pleased with you.
You were a tree.
You visited 3 branches of the dungeon, and saw 13 of its levels.
You also visited: Sewer and Ossuary.

You collected 3410 gold pieces.
You spent 396 gold pieces at shops.
You paid 1674 gold pieces to Gozag.

Inventory:

Hand Weapons
 a - a +0 dagger
 I - the +6 trident "Picsea" (weapon) {holy, Will+ Int+2}
   (You found it on level 1 of the Lair of Beasts)

   It has been blessed by the Shining One to cause great damage to the undead
   and demons.
   Int:       It affects your intelligence (+2).
   Will:      It increases your willpower.
Missiles
 e - 22 poisoned darts
 G - 2 throwing nets
Armour
 b - a +0 hat (melded)
 i - a +0 kite shield
 t - a +0 pair of gloves (melded)
 v - a +0 pair of boots (melded)
 N - a +0 cloak (melded)
Magical Staves
 w - a staff of fire
 y - a staff of cold
Jewellery
 h - a ring of flight
 j - an amulet of magic regeneration (around neck)
 o - a ring of ice
 r - a ring of poison resistance (left branch)
 K - a ring of see invisible (right branch)
 L - a ring of magical power
Wands
 H - a wand of charming (6)
 J - a wand of polymorph (5)
 M - a wand of flame (2)
Scrolls
 k - 4 scrolls of immolation
 l - 3 scrolls of torment
 n - 5 scrolls of teleportation
 p - 2 scrolls of silence
 s - 5 scrolls of butterflies
 x - 2 scrolls of amnesia
 A - 2 scrolls of identify
 B - 2 scrolls of vulnerability
 C - 3 scrolls of brand weapon
 O - a scroll of fear
Potions
 c - 5 potions of magic
 d - a potion of curing
 f - a potion of ambrosia
 g - 5 potions of flight
 m - 2 potions of resistance
 q - 2 potions of lignification
 u - 3 potions of cancellation
 z - 3 potions of attraction
 D - 2 potions of mutation
 E - a potion of haste
 F - 3 potions of might


   Skills:
 - Level 12.1 Fighting
 + Level 5.7 Dodging
 - Level 5.0 Stealth
 - Level 7.6 Spellcasting
 - Level 5.8 Conjurations
 - Level 7.2 Summonings
 - Level 7.8 Necromancy
 - Level 4.5 Translocations
 - Level 4.5 Air Magic
 - Level 4.5 Poison Magic
 - Level 5.8 Evocations


You had 14 spell levels left.
You knew the following spells:

 Your Spells              Type           Power      Damage    Failure   Level
a - Magic Dart            Conj           100%       1d8       1%          1
b - Blink                 Tloc           56%        N/A       1%          2
c - Call Imp              Summ           40%        N/A       1%          2
d - Mephitic Cloud        Conj/Pois/Air  30%        N/A       3%          3
e - Dispel Undead         Necr           42%        3d17      3%          4

Your spell library contained the following spells:

 Spells                   Type           Power      Damage    Failure   Level
 Kiss of Death            Conj/Necr      100%       2d13      1%          1
 Cigotuvi's Dreadful Rot  Necr/Pois/Air  66%        N/A       1%          2
 Slow                     Hex            32%        N/A       8%          1
 Confusing Touch          Hex            8%         N/A       24%         3


Dungeon Overview and Level Annotations

Branches:
Dungeon (10/15)              Lair (2/5) D:10            Orc (1/2) D:9
  Sewer (visited)         Ossuary (visited)
 Temple: D:4-7        Swamp: Lair:2-3    Shoals: Lair:2-3     Snake: Lair:2-3
 Spider: Lair:2-3

Altars:
Cheibriados
Fedhas
Gozag
Kikubaaqudgha
Makhleb
Nemelex Xobeh
Vehumet

Shops:
D:1 !   D:4 *   D:8 =   Lair:1 =(

Annotations:
D:4 2 transporters, exclusion: 2 wights, gruber's ghost, amateur DECj
D:8 exclusions: obsidian statue and orange crystal statue
Lair:1 exclusion: orange demon, Amaemon
Lair:2 1 runed translucent door, Quaruhoi's ghost, journeyman TrGl


Innate Abilities, Weirdness & Mutations

You are a tree.
Your roots penetrate the ground, keeping you stationary.
You cannot be teleported.
You are immune to unholy pain and torment.
Your maximum health is greatly increased.
Your equipment is partially melded.
((You can breathe waves of freezing cold which knock back foes.))
((Your icy white scales are hard. (AC +8)))
You cannot fit into any form of body armour.
((Your flesh is cold resistant. (rC+)))
((You are cold-blooded and may be slowed by cold attacks.))


Message History

Your shadow imp barely misses the black mamba.
The black mamba bites you but does no damage.
The yak gores you but does no damage.
Your shadow imp hits the black mamba but does no damage.
You barely miss the black mamba.
The black mamba is moderately wounded.
You have got your breath back.
* * * LOW HITPOINT WARNING * * *
You feel extremely sick. The black mamba completely misses you.
The black mamba barely misses you. The yak gores you but does no damage.
Your shadow imp hits the black mamba.
The black mamba bites you but does no damage.
You feel better.
The black mamba bites you but does no damage.
The yak gores you but does no damage.
Your shadow imp closely misses the black mamba.
The black mamba bites you.
* * * LOW HITPOINT WARNING * * *
Unknown command.
Unknown command.
You closely miss the black mamba.
The black mamba is heavily wounded.
The black mamba bites you!
* * * LOW HITPOINT WARNING * * *
The yak gores you but does no damage.
Your shadow imp hits the black mamba but does no damage.
The black mamba bites you but does no damage.
The yak barely misses you.
You are confused.
You feel invigorated. The black mamba bites you!
* * * LOW HITPOINT WARNING * * *
Your shadow imp misses the black mamba.
The black mamba bites you but does no damage.
The yak gores you but does no damage.
Unknown command.
The black mamba bites you.
* * * LOW HITPOINT WARNING * * *
Your shadow imp hits the black mamba.
The yak gores you.
You die...
Your body crumbles into a pile of gold.

............#....#....)+....#....
........ #....#######....##...
.....########..(.#P.P####...##.#.
..............................#..
.................................
...........................>.....
#..P.......#......###..##........
...........#...YS#.######....#.#.
#...............♣5...# #....##.#
#................+....# #........
...........P.....##....# .....P
...........#.....# #..## ..##
P..#.......#.....# ...#
#..#.............# ..##
#..#.............# #
#..#..##..P......#
#..............


You could see a black mamba, a yak (ally target) and a friendly shadow imp
(summoned).

Vanquished Creatures
  Harold (D:10)
  3 death yaks (D:10)
  A fire crab (D:10)
  Pikel (D:4)
  An ugly thing (D:9)
  A cyclops (Orc:1)
  6 elephants (D:10)
  2 black mambas (Lair:1)
  A torpor snail (D:10)
  2 cane toads
  Maggie (D:6)
  A rime drake (Lair:1)
  3 komodo dragons (D:10)
  A troll (D:10)
  2 polar bears (Lair:1)
  3 hornets
  Grinder (D:4)
  A blink frog (Lair:1)
  45 yaks
  2 wyverns
  A vampire (D:9)
  2 vampire mosquitoes (D:9)
  Menkaure (D:4)
  4 water moccasins
  A black bear (D:7)
  A sky beast (D:7)
  An orc warrior (D:9)
  2 ogres
  6 centaurs
  2 lemures (D:4)
  3 phantoms
  An elf zombie (Ossuary)
  12 bullfrogs
  A kobold brigand (D:8)
  2 necrophages
  2 scorpions
  5 wights (D:7)
  A killer bee (D:10)
  5 howler monkeys
  4 centaur zombies (Ossuary)
  2 hounds
  9 orc priests
  3 iguanas
  4 orc wizards
  2 hound zombies (Ossuary)
  3 mummies (Ossuary)
  3 gnolls (D:6)
  6 adders
  2 shadow imps
  A white imp (D:6)
  2 adder zombies (Ossuary)
  A worm (D:5)
  2 dart slugs (D:2)
  38 orcs
  4 endoplasms
  5 giant cockroaches
  2 gnoll zombies (Ossuary)
  22 goblins
  2 hobgoblins (D:1)
  8 jackals (D:1)
  9 kobolds
  4 quokkas (D:3)
  4 ball pythons
  6 bats
  2 frilled lizards
  3 goblin zombies (Ossuary)
  A hobgoblin zombie (Ossuary)
  3 jackal zombies (Ossuary)
  4 kobold zombies (Ossuary)
  2 orc zombies (Ossuary)
  5 quokka zombies (Ossuary)
  8 rats
  4 rat zombies (Ossuary)
312 creatures vanquished.

Vanquished Creatures (collateral kills)
  A two-headed ogre (D:8)
  A black mamba (Lair:1)
  A cane toad (Lair:1)
  4 blink frogs (Lair:2)
  3 yaks (D:9)
  A steam dragon (D:7)
  A warg (Orc:1)
  A water moccasin (Lair:1)
  2 orc warriors
  2 lemures (D:4)
  A kobold brigand (Sewer)
  2 bullfrogs (D:6)
  A howler monkey (D:6)
  A hound (D:5)
  An orc priest (D:9)
  Terence (D:2)
  An adder (D:6)
  2 river rats (Sewer)
  A white imp (D:7)
  An ufetubus (D:4)
  5 orcs
  A ball python (D:2)
  A jackal (Sewer)
  A quokka (D:4)
37 creatures vanquished.

Vanquished Creatures (others)
  A yak (D:9)
  A bush (Lair:1)
  10 fungi
  13 plants
25 creatures vanquished.

Grand Total: 374 creatures vanquished

Notes
Turn   | Place    | Note
-------+----------+-------------------------------------------
     0 | D:1      | Angani the Draconian Hedge Wizard began the quest for the
                  | Orb.
     0 | D:1      | Reached XP level 1. HP: 14/14 MP: 4/4
   223 | D:1      | Found Limoluph's Distillery.
   360 | D:1      | Reached XP level 2. HP: 20/20 MP: 3/6
  1090 | D:1      | Learned a level 2 spell: Blink
  1093 | D:1      | Learned a level 2 spell: Call Imp
  1172 | D:2      | Reached XP level 3. HP: 26/26 MP: 5/8
  1339 | D:2      | Noticed Terence
  1416 | D:2      | Killed Terence
  1716 | D:2      | Reached XP level 4. HP: 33/33 MP: 6/9
  2368 | D:3      | Found a faded altar of an unknown god.
  2377 | D:3      | Prayed at the altar of an unknown god.
  2377 | D:3      | Became a worshipper of Gozag Ym Sagoz the Greedy
  2412 | D:3      | Found a glowing drain.
  2436 | Sewer    | Entered a sewer
  2586 | Sewer    | Noticed a kobold brigand
  2606 | Sewer    | Killed a kobold brigand
  2607 | Sewer    | Reached XP level 5. HP: 38/38 MP: 9/11
  2650 | Sewer    | Found a glowing silver altar of Zin.
  3152 | D:3      | Found a blossoming altar of Fedhas.
  3566 | D:3      | Found a burning altar of Makhleb.
  3576 | D:3      | Found an opulent altar of Gozag.
  3578 | D:3      | Found a radiant altar of Vehumet.
  3738 | D:4      | Found Geme's General Store.
  3748 | D:4      | Reached XP level 6. HP: 45/45 MP: 12/12
  3830 | D:4      | Noticed Pikel
  3842 | D:4      | Killed Pikel
  3843 | D:4      | Reached skill level 5 in Spellcasting
  3843 | D:4      | Your scales start taking on an icy white colour.
  3843 | D:4      | Reached XP level 7. HP: 39/50 MP: 12/14
  3843 | D:4      | Gained mutation: Your flesh is cold resistant. (rC+) [White
                  | Draconian growth]
  3886 | D:4      | Bought a +0 pair of boots for 63 gold pieces
  3886 | D:4      | Bought a scroll of identify for 28 gold pieces
  3886 | D:4      | Bought a scroll of identify for 28 gold pieces
  3886 | D:4      | Bought a scroll of amnesia for 56 gold pieces
  3886 | D:4      | Bought a scroll of poison for 56 gold pieces
  3918 | D:4      | Noticed Grinder
  3938 | D:4      | Paralysed by Grinder for 4 turns
  4003 | D:4      | Killed Grinder
  4004 | D:4      | Reached XP level 8. HP: 56/57 MP: 7/16
  4096 | D:4      | Found a sand-covered staircase.
  4104 | Ossuary  | Entered an ossuary
  4185 | Ossuary  | Reached skill level 5 in Conjurations
  4611 | Ossuary  | Reached skill level 5 in Summonings
  4795 | D:4      | Found a transporter.
  4798 | D:4      | Found a transporter.
  4798 | D:4      | Noticed gruber's ghost (amateur DECj)
  5102 | D:4      | Noticed Menkaure
  5104 | D:4      | Killed Menkaure
  5413 | D:5      | Entered Level 5 of the Dungeon
  5418 | D:5      | Learned a level 3 spell: Mephitic Cloud
  5700 | D:5      | Reached skill level 1 in Air Magic
  5700 | D:5      | Reached skill level 1 in Poison Magic
  5747 | D:5      | Found a snail-covered altar of Cheibriados.
  6118 | D:5      | Reached XP level 9. HP: 61/62 MP: 15/18
  7207 | D:6      | Noticed Maggie
  7231 | D:6      | Killed Maggie
  8363 | D:7      | Found a sparkling altar of Nemelex Xobeh.
  8612 | D:7      | HP: 1/62 [steam dragon/ball of steam (17)]
  8613 | D:7      | Reached XP level 10. HP: 1/69 MP: 19/21
  9463 | D:8      | Noticed an orange crystal statue
  9543 | D:8      | Noticed an obsidian statue
  9654 | D:8      | Reached skill level 1 in Fighting
  9654 | D:8      | Reached skill level 1 in Evocations
  9700 | D:8      | Noticed a two-headed ogre
  9721 | D:8      | Killed a two-headed ogre
  9722 | D:8      | Reached skill level 2 in Fighting
 10031 | D:8      | Found Ukhup's Jewellery Emporium.
 10039 | D:8      | Bought a ring of see invisible for 165 gold pieces
 10369 | D:9      | Reached skill level 3 in Fighting
 10837 | D:9      | Noticed a green ugly thing
 10865 | D:9      | Reached skill level 4 in Fighting
 10865 | D:9      | Killed a green ugly thing
 11114 | D:9      | Reached XP level 11. HP: 37/85 MP: 3/22
 11356 | D:9      | Reached skill level 5 in Stealth
 11716 | D:9      | Found a staircase to the Orcish Mines.
 11956 | Orc:1    | Entered Level 1 of the Orcish Mines
 11974 | Orc:1    | Reached skill level 5 in Fighting
 12379 | D:10     | Entered Level 10 of the Dungeon
 12467 | D:10     | Reached skill level 5 in Dodging
 12539 | D:10     | Noticed a fire crab
 12630 | D:10     | Reached skill level 5 in Evocations
 12730 | D:10     | Found a staircase to the Lair.
 12777 | D:10     | Reached skill level 6 in Fighting
 13079 | D:10     | Noticed Harold
 13127 | D:10     | Killed Harold
 13337 | D:10     | Found an ancient bone altar of Kikubaaqudgha.
 13370 | D:10     | Learned a level 4 spell: Dispel Undead
 13844 | D:10     | Reached skill level 1 in Necromancy
 14009 | D:10     | Killed a fire crab
 14012 | Lair:1   | Entered Level 1 of the Lair of Beasts
 14591 | Lair:1   | Reached skill level 5 in Necromancy
 14633 | Lair:1   | Noticed Amaemon
 14765 | Lair:1   | Identified the +6 trident "Picsea" {holy, Will+ Int+2}
 15231 | D:10     | Reached XP level 12. HP: 35/97 MP: 11/23
 15878 | D:10     | Reached skill level 7 in Fighting
 16256 | Lair:1   | Reached skill level 8 in Fighting
 16949 | D:10     | Reached skill level 9 in Fighting
 17752 | Lair:2   | Noticed a death yak
 17816 | D:10     | Killed a death yak
 17817 | D:10     | Reached skill level 10 in Fighting
 17867 | Lair:2   | Noticed a death yak
 17874 | Lair:2   | Noticed a death yak
 17897 | D:10     | Killed a death yak
 18123 | D:10     | Killed a death yak
 18365 | Lair:1   | Reached skill level 11 in Fighting
 18827 | Lair:2   | Found a runed translucent door.
 18827 | Lair:2   | Noticed Quaruhoi's ghost (journeyman TrGl)
 19014 | Lair:2   | Reached skill level 12 in Fighting
 19229 | Lair:2   | Upgraded the game from 0.30-a0-335-ge5acde7520 to
                  | 0.30-a0-339-g89bb51ec76
 19315 | Lair:2   | HP: 6/168 [black mamba (12)]
 19316 | Lair:2   | Slain by a yak

Illustrated notes

Levels and vault maps discovered:
D:1:      dpeg_arrival_fog, layout_basic, serial_shops, nicolae_shop_trees,
          chequers_garden, minivault_26, minmay_liquid_box
D:2:      layout_loops_ring, nicolae_eternal_life, uniq_terence
D:3:      layout_loops_corners, fedhas_altar_3, nicolae_overflow_hidden_temple,
          gup_sewer_entry_pipe, basic_ecumenical_altar
D:4:      layout_basic, temple_hall, serial_shops, shop,
          lightli_ossuary_entry_decrepit_ruins, gammafunk_ghost_smash,
          uniq_menkaure, uniq_grinder, uniq_sigmund, uniq_pikel
D:5:      layout_loops_corners, slow_altar_2, kennysheep_windowed_goal
D:6:      layout_loops_cross, minmay_ogre_servants, uniq_maggie
D:7:      layout_layer_cave, kennysheep_mini_moat
D:8:      minmay_separated_statues, layout_basic, serial_shops,
          nicolae_shop_crystal
D:9:      layout_roguey, erik_orc_4
D:10:     layout_gridville, lemuel_doored_altar, minmay_lair_entry_lava,
          kennysheep_generic_room_13, uniq_harold
Lair:1:   layout_roguey, uniq_amaemon
Lair:2:   layout_regular_city, nicolae_swamp_entry_splash_gauntlet,
          gammafunk_ghost_grave, grunt_megastairs_2
Orc:1:    layout_diamond_mine, basic_altar, portal_ice_cave_entry_ice_simulacra

Skill      XL: |  1  2  3  4  5  6  7  8  9 10 11 12 |
---------------+-------------------------------------+-----
Conjurations   | 2 3 4 5 |  5.8
Spellcasting   | 4 5 6 7 |  7.6
Summonings     | 2 3 4 5 7 |  7.2
Translocations | 2 3 4 |  4.5
Air Magic      | 1 4 |  4.5
Poison Magic   | 1 4 |  4.5
Stealth        | 4 5 |  5.0
Dodging        | 4 5 |  5.7
Fighting       | 4 6 12 | 12.1
Evocations     | 4 5 |  5.8
Necromancy     | 7 |  7.8

Action                   |  1- 3 |  4- 6 |  7- 9 | 10-12 || total
-------------------------+-------+-------+-------+-------++-------
Melee: Dagger            |    56 |    55 |    30 |       ||   141
       Tailslap          |     8 |    11 |    32 |    31 ||    82
       Punch             |     1 |       |     1 |     2 ||     4
       Quarterstaff      |       |       |   176 |   125 ||   301
       Trident           |       |       |       |   107 ||   107
Throw: Dart              |       |     7 |     8 |       ||    15
 Cast: Magic Dart        |    81 |    71 |   349 |   316 ||   817
       Call Imp          |     2 |    14 |    24 |    54 ||    94
       Mephitic Cloud    |       |       |     6 |    90 ||    96
       Blink             |       |       |     1 |     8 ||     9
Invok: Potion Petition   |       |       |       |     1 ||     1
       Call Merchant     |       |       |       |     2 ||     2
 Abil: Breathe Frost     |       |       |    31 |    38 ||    69
Evoke: Wand              |       |     8 |    12 |     8 ||    28
  Use: Scroll            |       |     7 |    11 |     8 ||    26
       Potion            |       |       |     4 |     8 ||    12
 Stab: Sleeping          |       |       |     2 |     1 ||     3
       Confused          |       |       |       |    11 ||    11
       Distracted        |       |       |       |     1 ||     1
Armor: Skin              |    16 |    25 |   180 |   223 ||   444
Dodge: Dodged            |    53 |    65 |   265 |   390 ||   773

Table legend: (Time is in decaauts)
 A = Elapsed time spent in this place.
 B = Non-inter-level travel time spent in this place.
 C = Inter-level travel time spent in this place.
 D = Time resting spent in this place.
 E = Time spent auto-exploring this place.
 F = Levels seen in this place.
 G = Mean time per level.
                   A        B        C        D        E       F      G
               +--------+--------+--------+--------+--------+-----+--------+
         Total |  19524 |  19010 |    514 |   5847 |   8579 |  15 | 1301.6 |
       Dungeon |  14608 |  14183 |    425 |   4055 |   7370 |  10 | 1460.8 |
          Lair |   3730 |   3641 |     89 |   1483 |    984 |   2 | 1865.0 |
  Orcish Mines |    215 |    215 |      0 |    119 |      0 |   1 |  215.0 |
         Sewer |    292 |    292 |      0 |     46 |    142 |   1 |  292.0 |
       Ossuary |    677 |    677 |      0 |    144 |     82 |   1 |  677.0 |
               +--------+--------+--------+--------+--------+-----+--------+

Top non-repeatable levels by time:
    D:10: 3244 daAuts
  Lair:1: 2925 daAuts
     D:9: 1966 daAuts
     D:7: 1729 daAuts
     D:3: 1231 daAuts
     D:8: 1148 daAuts
     D:4: 1107 daAuts
     D:2: 1094 daAuts
     D:1: 1094 daAuts
     D:5: 1030 daAuts
     D:6: 962 daAuts
  Lair:2: 804 daAuts
 Ossuary: 677 daAuts
   Sewer: 292 daAuts
   Orc:1: 215 daAuts
